 Dungeon Crawl Stone Soup version 0.29-a0-371-g91724d5b39 (webtiles) character file.

Game seed: 4978278253158323705

37347 jlumianski the Cleaver (level 13, -3/112 HPs)
             Began as a Demonspawn Fighter on May 2, 2022.
             Was an Elder of Wu Jian.
             Killed from afar by a starcursed mass (8 damage)
             ... with an accursed screaming
             ... on level 3 of the Abyss.
             The game lasted 01:28:19 (17919 turns).

jlumianski the Cleaver (Demonspawn Fighter)        Turns: 17919, Time: 01:28:19

Health: -3/112     AC: 24    Str: 20    XL:     13   Next: 57%
Magic:  0/13       EV:  6    Int: 18    God:    Wu Jian [****..]
Gold:   245        SH:  9    Dex: 12    Spells: 12/12 levels left

rFire   . . .      SeeInvis +   p - +6 war axe (spect)
rCold   . . .      Faith    .   K - +0 kite shield
rNeg    . . .      Spirit   +   L - +0 plate armour of Agoraphobia {Harm Regen+ rCorr}
rPois   +          Reflect  .   v - +1 helmet
rElec   .          Harm     +   (no cloak)
rCorr   +          Rampage  .   (gloves unavailable)
Will    .....                   l - +2 pair of boots
Stlth   ..........              f - amulet of guardian spirit
HPRegen 1.08/turn               i - +6 ring of intelligence
MPRegen 0.26/turn               o - ring of see invisible

@: studying Armour
A: slimy green scales 3, magic regeneration, demonic magic 1, demonic touch 3
a: Renounce Religion, Wall Jump, Serpent's Lash


You were on level 3 of the Abyss.
You worshipped Wu Jian.
Wu Jian was greatly pleased with you.
You visited 3 branches of the dungeon, and saw 15 of its levels.
You visited the Abyss 1 time.
You also visited: Gauntlet and Ice Cave.

You collected 742 gold pieces.
You spent 497 gold pieces at shops.

Inventory:

Hand Weapons
 p - a +6 spectral war axe (weapon)
 A - the +10 scimitar of the Kidney {flame, Dex+5}
   (You found it on level 7 of the Dungeon)

   It burns those it strikes, dealing additional fire damage.
   Big, fiery blades are also staple armaments of hydra-hunters.
   Dex:       It affects your dexterity (+5).
Missiles
 m - a boomerang of dispersal
 w - 35 poisoned darts (quivered)
 B - 6 curare-tipped darts
 D - 4 atropa-tipped darts
 E - 9 boomerangs
 P - 12 javelins
Armour
 l - a +2 pair of boots (worn)
 v - a +1 helmet (worn)
 K - a +0 kite shield (worn)
 L - the +0 plate armour of Agoraphobia (worn) {Harm Regen+ rCorr}
   (You bought it in a shop on level 12 of the Dungeon)

   Regen:     It increases your rate of health regeneration.
   rCorr:     It protects you from acid and corrosion.
   Harm:      It increases damage dealt and taken.
Jewellery
 f - an amulet of guardian spirit (around neck)
 i - a +6 ring of intelligence (left hand)
 o - a ring of see invisible (right hand)
 r - a ring of fire
 H - a ring of ice
 W - a ring of willpower
Wands
 a - a wand of digging (5)
 j - a wand of polymorph (25)
 V - a wand of paralysis (4)
 Y - a wand of iceblast (4)
Scrolls
 b - a scroll of immolation
 k - a scroll of brand weapon
 n - 4 scrolls of teleportation
 u - a scroll of enchant armour
 y - 2 scrolls of fog
 Q - a scroll of fear
 T - a scroll of identify
 X - a scroll of blinking
Potions
 c - a potion of mutation
 d - a potion of might
 e - a potion of lignification
 g - 2 potions of berserk rage
 h - 6 potions of attraction
 z - 2 potions of invisibility
 G - a potion of haste
 N - 2 potions of curing
Miscellaneous
 R - a box of beasts (inert)


   Skills:
 + Level 13.9 Fighting
 + Level 2.8 Long Blades
 + Level 14.4 Axes
 + Level 2.8 Throwing
 + Level 10.8 Armour
 + Level 5.1 Dodging
 + Level 5.2 Stealth
 + Level 6.7 Shields


You had 12 spell levels left.
You didn't know any spells.
Your spell library contained the following spells:

 Spells                   Type           Power      Damage    Failure   Level
 Animate Skeleton         Necr           0%         N/A       100%        1
 Apportation              Tloc           0%         N/A       100%        1
 Magic Dart               Conj           0%         1d3       100%        1
 Pain                     Necr           0%         1d4       100%        1
 Sting                    Tmut/Pois      0%         1d3       100%        1
 Ensorcelled Hibernation  Hex/Ice        0%         N/A       100%        2
 Poisonous Vapours        Pois/Air       0%         N/A       100%        2
 Searing Ray              Conj           0%         2d4       100%        2
 Sublimation of Blood     Necr           0%         N/A       100%        2
 Wereblood                Tmut           0%         N/A       100%        2
 Gell's Gravitas          Tloc           0%         N/A       100%        3
 Teleport Other           Tloc           0%         N/A       100%        3
 Vampiric Draining        Necr           0%         2d6       100%        3
 Fulminant Prism          Conj/Hex       0%         3d6       100%        4
 Hailstorm                Conj/Ice       0%         3d3       100%        4
 Ice Form                 Ice/Tmut       0%         N/A       100%        4
 Olgreb's Toxic Radiance  Pois           0%         N/A       100%        4
 Alistair's Intoxication  Tmut/Pois      0%         N/A       100%        5
 Dispersal                Tloc           0%         N/A       100%        6
 Simulacrum               Ice/Necr       0%         N/A       100%        6
 Summon Hydra             Summ           0%         N/A       100%        7
 Infestation              Necr           0%         N/A       100%        8


Dungeon Overview and Level Annotations

Branches:
Dungeon (13/15)            Temple (1/1) D:7            Lair (1/6) D:8
    Orc (0/2) D:12         Vaults (0/5) D:13          IceCv (visited)
Gauntlet (visited)

Altars:
Ashenzari
Cheibriados
Dithmenos
Elyvilon
Fedhas
Gozag
Hepliaklqana
Kikubaaqudgha
Makhleb
Nemelex Xobeh
Okawaru
Qazlal
Ru
Sif Muna
Trog
Uskayaw
Vehumet
Wu Jian
Xom
Yredelemnul
Zin
The Shining One
Beogh

Shops:
D:12 *!

Annotations:
D:2 Sigmund
Lair:1 1 transporter, Biryolonub's ghost, journeyman TrBe


Innate Abilities, Weirdness & Mutations

You are completely covered in slimy green scales. (AC +4, rPois)
You regenerate magic rapidly.
Spells you cast may paralyse adjacent enemies.
Your touch may irresistibly damage your foes and sap their willpower.


Message History

You closely miss the cyan very ugly thing.
The cyan very ugly thing is heavily wounded.
You hit the spatial maelstrom.
Your +6 spectral war axe hits the spatial maelstrom!
The spatial maelstrom hits your +6 spectral war axe.
Your spectral weapon shares its damage with you!
Space warps around your +6 spectral war axe.
Your spectral weapon shares its damage with you!
The spatial maelstrom barely misses your +6 spectral war axe.
A starcursed mass splits.
The cyan very ugly thing kicks you! The cyan very ugly thing shocks you!!
* * * LOW HITPOINT WARNING * * *
You feel much better.
The spatial maelstrom hits you but does no damage.
You block the spatial maelstrom's attack.
A chorus of shrieks assaults your mind.
The cyan very ugly thing kicks you but does no damage.
Okay, then.
You spin and attack the cyan very ugly thing.
You slash the cyan very ugly thing!
The cyan very ugly thing is heavily wounded.
You spin and attack the spatial maelstrom.
You slash the spatial maelstrom!
The spatial maelstrom is almost destroyed.
Your +6 spectral war axe hits the cyan very ugly thing!
Your +6 spectral war axe hits the spatial maelstrom.
You destroy the spatial maelstrom!
That felt strangely unrewarding.
The cyan very ugly thing barely misses your +6 spectral war axe.
There is a gateway leading out of the Abyss here.
A starcursed mass splits.
The cyan very ugly thing gurgles horribly!
The cyan very ugly thing kicks you!
* * * LOW HITPOINT WARNING * * *
The cyan very ugly thing shocks you!!
* * * LOW HITPOINT WARNING * * *
The glowing orange brain pulsates.
Something tries to feed on your intellect!
A chorus of shrieks assaults your mind.
You die...

.. .# # #..# #..
... ..##. .## .R#.
.##....#. # .
.......... ## #. #
#.....#..## #.
##..... ...# .
#...# #.#..#....
#.
v.#.#@#.....#..#.#
# #uR........ . #
#G#X###.#... #
###Z#.##### . # .
.#3.X ## # #....#
#....XX # ## # #
#.†#.#† .#. .
#v.....§ #. ##.
.#§≈.v..§ #.


You could see 4 starcursed masses, a cyan very ugly thing, a rakshasa, a glowing
orange brain, a spatial vortex, a neqoxec and a harpy zombie.

Vanquished Creatures
  Gastronok (D:9)
  A frost giant (IceCv)
  A minotaur (Gauntlet)
  A purple draconian (Abyss:3)
  Snorg (D:13)
  3 hydras
  A boulder beetle (D:13)
  Fannar (D:11)
  7 death yaks (IceCv)
  4 two-headed ogres
  A thrashing horror (Abyss:3)
  Sonja (D:13)
  Urug (D:13)
  A spatial maelstrom (Abyss:3)
  A flayed ghost (Abyss:3)
  2 wretched stars (Abyss:3)
  2 glowing orange brains (Gauntlet)
  3 deep elf pyromancers
  A necromancer (Gauntlet)
  A manticore (shapeshifter) (D:9)
  A large abomination (Abyss:3)
  An ugly thing (Gauntlet)
  A worldbinder (Abyss:3)
  A manticore (D:13)
  2 cyclopes (D:11)
  2 centaur zombies (D:12)
  An ice statue (IceCv)
  4 smoke demons (Abyss:3)
  A centaur skeleton (Abyss:3)
  3 unseen horrors
  Psyche (D:8)
  A gargoyle (D:13)
  A dire elephant skeleton (Abyss:3)
  A komodo dragon (D:13)
  7 rime drakes (IceCv)
  A yaktaur (D:13)
  2 hellwings (Abyss:3)
  An ancient zyme (Abyss:3)
  A troll (D:12)
  4 polar bears (IceCv)
  A raiju (Abyss:3)
  2 slime creatures (D:12)
  A meliai zombie (D:12)
  A wyvern (D:7)
  A flying skull (Abyss:3)
  A shadow (D:11)
  4 wraiths
  6 yaks (IceCv)
  2 vampires
  A ynoxinul (Gauntlet)
  A basilisk (D:13)
  16 humans (D:13)
  8 vampire mosquitoes
  2 neqoxecs (Abyss:3)
  2 small abominations (Abyss:3)
  2 acid dragons (D:10)
  Duvessa (D:6)
  4 sky beasts
  7 orc warriors
  A black bear (D:5)
  An ice beast (D:8)
  4 ogres
  14 wolves
  8 centaurs
  7 kobold brigands
  3 gnoll sergeants (D:12)
  3 bullfrogs
  3 necrophages (D:12)
  5 scorpions
  3 two-headed ogre simulacra (D:11)
  6 wights
  Dowan (D:6)
  9 killer bees
  9 howler monkeys
  A quasit (Abyss:3)
  3 hounds
  A jelly (D:7)
  9 orc priests
  4 iron imps
  A gnoll shaman (D:9)
  3 iguanas
  12 orc wizards
  2 troll simulacra (D:11)
  A spriggan simulacrum (D:11)
  2 mummies (D:12)
  8 gnolls
  10 adders
  A naga simulacrum (D:11)
  2 white imps (Abyss:3)
  2 ufetubi
  3 worms
  2 dart slugs (D:1)
  54 orcs
  6 bats
  6 endoplasms
  5 giant cockroaches
  8 hobgoblins
  9 jackals
  29 kobolds
  3 quokkas
  4 ball pythons
  4 frilled lizards
  5 goblins
  7 rats
419 creatures vanquished.

Vanquished Creatures (collateral kills)
  A sixfirhy (Abyss:3)
  A centaur skeleton (Abyss:3)
  A lurking horror (Abyss:3)
3 creatures vanquished.

Vanquished Creatures (others)
  A killer bee (D:9)
  21 withered plants (Gauntlet)
22 creatures vanquished.

Grand Total: 444 creatures vanquished

Notes
Turn   | Place    | Note
-------+----------+-------------------------------------------
     0 | D:1      | jlumianski the Demonspawn Fighter began the quest for the
                  | Orb.
     0 | D:1      | Reached XP level 1. HP: 18/18 MP: 1/1
   248 | D:1      | Reached skill level 2 in Axes
   248 | D:1      | Gained mutation: Your touch may inflict minor irresistible
                  | damage on your foes. [demonic ancestry]
   248 | D:1      | Reached XP level 2. HP: 20/24 MP: 2/2
   605 | D:1      | Found a faded altar of an unknown god.
   951 | D:2      | Gained mutation: Spells you cast may paralyse adjacent
                  | enemies. [demonic ancestry]
   951 | D:2      | Reached XP level 3. HP: 21/29 MP: 1/3
  1158 | D:2      | Noticed Sigmund
  1567 | D:3      | Reached skill level 3 in Axes
  1567 | D:3      | Reached XP level 4. HP: 28/35 MP: 2/4
  1896 | D:3      | You fall into a shaft and drop 2 floors!
  1896 | D:5      | Entered Level 5 of the Dungeon
  1896 | D:5      | Noticed a scorpion
  1913 | D:5      | Identified a scroll of acquirement
  1913 | D:5      | Acquired a manual of Fighting
  1917 | D:5      | Killed a scorpion
  1918 | D:5      | Gained mutation: Your touch may inflict irresistible damage
                  | on your foes. [demonic ancestry]
  1918 | D:5      | Reached XP level 5. HP: 20/41 MP: 5/5
  2130 | D:5      | Found a shadowy altar of Dithmenos.
  2735 | D:4      | Noticed an ogre
  2777 | D:4      | Killed an ogre
  2778 | D:4      | Reached skill level 4 in Axes
  2778 | D:4      | Reached skill level 1 in Dodging
  2778 | D:4      | Reached XP level 6. HP: 24/49 MP: 2/6
  3557 | D:5      | Noticed a sky beast
  3570 | D:5      | Killed a sky beast
  3571 | D:5      | Reached skill level 5 in Fighting
  3571 | D:5      | Gained mutation: Your touch may irresistibly damage your
                  | foes and sap their willpower. [demonic ancestry]
  3571 | D:5      | Reached XP level 7. HP: 35/56 MP: 5/7
  4357 | D:5      | Reached skill level 5 in Axes
  4910 | D:6      | Gained mutation: You are partially covered in slimy green
                  | scales. (AC +2) [demonic ancestry]
  4910 | D:6      | Reached XP level 8. HP: 54/64 MP: 6/8
  4919 | D:6      | Reached skill level 1 in Stealth
  4956 | D:6      | Noticed Duvessa
  4961 | D:6      | Noticed Dowan
  4969 | D:6      | Killed Duvessa
  4984 | D:6      | Killed Dowan
  4985 | D:6      | Reached skill level 6 in Axes
  5222 | D:6      | Reached skill level 5 in Armour
  5250 | D:6      | Identified the +1 scale mail of the Hills {Dex+4}
  6250 | D:6      | Got the Catalogue of Fetching Dark Magic
  6977 | D:7      | Reached skill level 7 in Axes
  7130 | D:7      | Found a staircase to the Ecumenical Temple.
  7135 | D:7      | Gained mutation: You are mostly covered in slimy green
                  | scales. (AC +3) [demonic ancestry]
  7135 | D:7      | Reached XP level 9. HP: 72/72 MP: 9/9
  7470 | D:7      | Identified the +10 scimitar of the Kidney {flame, Dex+5}
  7706 | Temple   | Entered the Ecumenical Temple
  7976 | Temple   | Became a worshipper of the Wu Jian Council
  8371 | D:7      | Reached skill level 8 in Axes
  8910 | D:8      | Noticed Psyche
  9124 | D:8      | Found a staircase to the Lair.
  9422 | D:8      | Killed Psyche
  9651 | D:9      | Noticed a two-headed ogre
  9659 | D:9      | Killed a two-headed ogre
  9660 | D:9      | Reached skill level 9 in Axes
  9660 | D:9      | Reached XP level 10. HP: 23/82 MP: 3/10
  9927 | D:9      | Reached * piety under Wu Jian
 10436 | D:9      | Noticed a two-headed ogre
 10447 | D:9      | Killed a two-headed ogre
 10448 | D:9      | Reached skill level 1 in Throwing
 10600 | D:9      | Noticed a five-headed hydra
 10608 | D:9      | Noticed a death drake
 10608 | D:9      | a komodo dragon changed into a death drake
 10611 | D:9      | Killed a one-headed hydra
 10629 | D:9      | Noticed Gastronok
 10674 | D:9      | Reached skill level 1 in Long Blades
 10940 | D:9      | Killed Gastronok
 10941 | D:9      | Reached skill level 10 in Axes
 11124 | D:9      | Noticed a manticore
 11135 | D:9      | Killed a manticore
 11612 | D:10     | Entered Level 10 of the Dungeon
 11621 | D:9      | Reached skill level 10 in Fighting
 12116 | D:10     | Reached XP level 11. HP: 90/90 MP: 11/11
 12275 | D:11     | Found a frozen archway.
 12282 | D:11     | Reached ** piety under Wu Jian
 12394 | IceCv    | Entered an ice cave
 12575 | IceCv    | Noticed a death yak
 12577 | IceCv    | Noticed a death yak
 12581 | IceCv    | Reached skill level 5 in Shields
 12594 | IceCv    | Killed a death yak
 12595 | IceCv    | Reached skill level 11 in Axes
 12596 | IceCv    | Killed a death yak
 12887 | IceCv    | Noticed a death yak
 12888 | IceCv    | Noticed a death yak
 12890 | IceCv    | Noticed a death yak
 12895 | IceCv    | Killed a death yak
 12899 | IceCv    | Killed a death yak
 12904 | IceCv    | Killed a death yak
 13432 | IceCv    | Noticed a death yak
 13450 | IceCv    | Killed a death yak
 13532 | IceCv    | Reached skill level 12 in Axes
 13532 | IceCv    | Gained mutation: You are completely covered in slimy green
                  | scales. (AC +4, rPois) [demonic ancestry]
 13532 | IceCv    | Reached XP level 12. HP: 79/102 MP: 7/12
 13672 | IceCv    | Noticed a frost giant
 13672 | IceCv    | Noticed a death yak
 13688 | IceCv    | Killed a death yak
 13696 | IceCv    | Killed a frost giant
 14316 | D:11     | Noticed a two-headed ogre
 14322 | D:11     | Killed a two-headed ogre
 14356 | D:11     | Noticed Fannar
 14363 | D:11     | Killed Fannar
 14602 | D:11     | Noticed a five-headed hydra
 14612 | D:11     | Killed a one-headed hydra
 14744 | D:11     | Reached *** piety under Wu Jian
 15389 | D:12     | Reached skill level 10 in Armour
 15475 | D:12     | Noticed a two-headed ogre
 15481 | D:12     | Killed a two-headed ogre
 15562 | D:12     | Reached skill level 13 in Axes
 15907 | D:12     | Found Eczy's Distillery.
 15912 | D:12     | Found Piruigah's Mass Market.
 15928 | D:12     | Bought a potion of heal wounds for 70 gold pieces
 15987 | D:12     | Bought the +0 plate armour of Agoraphobia {Harm Regen+
                  | rCorr} for 427 gold pieces
 16030 | D:12     | Found a staircase to the Orcish Mines.
 16040 | D:12     | Reached **** piety under Wu Jian
 16066 | D:12     | Reached skill level 5 in Dodging
 16224 | D:12     | Gained mutation: You regenerate magic rapidly. [demonic
                  | ancestry]
 16224 | D:12     | Reached XP level 13. HP: 111/111 MP: 13/13
 16339 | D:13     | Found a gate leading to a gauntlet.
 16340 | D:13     | Noticed Urug
 16349 | D:13     | Killed Urug
 16405 | Gauntlet | Entered a Gauntlet
 16405 | Gauntlet | Found a transporter.
 16416 | Gauntlet | Found a transporter.
 16418 | Gauntlet | Found a transporter.
 16420 | Gauntlet | Found a transporter.
 16436 | Gauntlet | Found a transporter.
 16436 | Gauntlet | Found the +0 staff of Battle
 16455 | Gauntlet | Found a transporter.
 16462 | Gauntlet | Found a transporter.
 16491 | Gauntlet | Found a transporter.
 16500 | Gauntlet | Found a transporter.
 16511 | Gauntlet | Found the +0 pair of fencer's gloves {Riposte Dex+3}
 16512 | Gauntlet | Found a transporter.
 16520 | Gauntlet | Noticed an entropy weaver
 16524 | Gauntlet | Found a transporter.
 16536 | Gauntlet | Found a transporter.
 16548 | Gauntlet | Found a transporter.
 16580 | Gauntlet | Found a transporter.
 16600 | Gauntlet | Found a transporter.
 16602 | Gauntlet | Found a transporter.
 16641 | Gauntlet | Found a transporter.
 16661 | Gauntlet | Found a transporter.
 16756 | Gauntlet | Reached skill level 14 in Axes
 16775 | Gauntlet | Noticed a minotaur
 16795 | Gauntlet | Killed a minotaur
 16997 | Lair:1   | Entered Level 1 of the Lair of Beasts
 16997 | Lair:1   | Found a transporter.
 16998 | Lair:1   | Noticed Biryolonub's ghost (journeyman TrBe)
 17017 | D:8      | Upgraded the game from 0.29-a0-369-gd956c00756 to
                  | 0.29-a0-371-g91724d5b39
 17092 | D:13     | Noticed Snorg
 17094 | D:13     | Noticed Sonja
 17100 | D:13     | Killed Snorg
 17101 | D:13     | Killed Sonja
 17319 | D:13     | Reached skill level 5 in Stealth
 17412 | D:13     | Reached ***** piety under Wu Jian
 17430 | D:13     | Found a gate to the Vaults.
 17430 | D:13     | Cast into level 3 of the Abyss (a wizard)
 17698 | Abyss:3  | Noticed a purple draconian
 17714 | Abyss:3  | Killed a purple draconian
 17730 | Abyss:3  | Noticed a balrug
 17889 | Abyss:3  | Noticed a cyan very ugly thing
 17896 | Abyss:3  | Noticed a starcursed mass
 17919 | Abyss:3  | HP: 5/112 [cyan very ugly thing (22)]
 17919 | Abyss:3  | Killed from afar by a starcursed mass

Illustrated notes

Levels and vault maps discovered:
D:1:      dpeg_arrival_three_bigger_balls, layout_basic, basic_ecumenical_altar
D:2:      layout_loops_ring, uniq_sigmund
D:3:      layout_basic, st_stairs_4
D:4:      layout_cave_pools
D:5:      layout_loops_ring, nicolae_dithmenos_shadow_blocks
D:6:      layout_rooms, serial_rivers, chequers_serial_rivers_marsh,
          chequers_serial_rivers_micro_e, chequers_serial_rivers_micro_d,
          chequers_serial_rivers_large_a, chequers_serial_rivers_room_b,
          uniq_duvessa
D:7:      layout_basic, minmay_temple_entry_nine_rooms, nrook_loot_triangle,
          david_defended_altar_orc
D:8:      layout_basic, lair_entry_dummy, uniq_psyche
D:9:      layout_basic, st_stairs_9, amcnicky_mini_rare_corridor_liquid,
          minmay_three_doors, uniq_gastronok
D:10:     layout_cross
D:11:     layout_loops_ring, portal_ice_cave_entry_ice_simulacra, uniq_fannar
D:12:     layout_irregular_city, kennysheep_orc_monster_closet_entryway,
          serial_undead, serial_undead_e, serial_undead_e, serial_undead_d,
          serial_undead_e, serial_shops,
          nicolae_shop_competitors_out_of_business, minmay_shop_mass
D:13:     layout_gridville, grunt_vaults_entry_tiered, gauntlet_entry_generic,
          uniq_urug, uniq_snorg, uniq_sonja
Temple:   mainiacjoe_temple_hex_bubbles
Lair:1:   layout_long_grid, gammafunk_ghost_arena
Abyss:3:  base: Temple, hangedman_abyss_mock_shop, doesnt_abyss_rune_brain_food

Skill      XL: |  1  2  3  4  5  6  7  8  9 10 11 12 13 |
---------------+----------------------------------------+-----
Axes           | 2 3 4 5 7 9 10 12 13 14 | 14.4
Shields        | 3 4 5 6 |  6.7
Armour         | 3 4 5 6 7 9 10 | 10.8
Fighting       | 4 5 6 7 8 10 11 13 | 13.9
Dodging        | 1 2 3 4 5 |  5.1
Stealth        | 1 2 3 4 5 |  5.2
Throwing       | 2 |  2.8
Long Blades    | 1 2 |  2.8

Action                   |  1- 3 |  4- 6 |  7- 9 | 10-12 | 13-15 || total
-------------------------+-------+-------+-------+-------+-------++-------
Melee: War axe           |   129 |   150 |   271 |   317 |   204 ||  1071
       Scimitar          |       |       |       |    13 |     3 ||    16
Throw: Dart              |       |       |     5 |    16 |       ||    21
       Stone             |       |       |     1 |       |       ||     1
Invok: Lunge             |       |       |     3 |    58 |    26 ||    87
       Whirlwind         |       |       |       |    19 |    14 ||    33
       Serpent's Lash    |       |       |       |       |     1 ||     1
 Abil: Wall Jump         |       |       |       |     3 |     7 ||    10
Evoke: Wand              |       |       |       |       |     1 ||     1
       Box of beasts     |       |       |       |       |     1 ||     1
  Use: Scroll            |       |    10 |     8 |    14 |     3 ||    35
       Potion            |       |     2 |     3 |     4 |     3 ||    12
 Stab: Distracted        |       |       |     1 |     6 |     5 ||    12
Armor: Scale mail        |    82 |    79 |   108 |   134 |       ||   403
       Plate armour      |       |       |       |    11 |   134 ||   145
Dodge: Dodged            |    60 |    68 |   131 |   134 |    42 ||   435
Block: Buckler           |    39 |    39 |    66 |    70 |       ||   214
       Kite shield       |       |       |       |    13 |    67 ||    80

Table legend: (Time is in decaauts)
 A = Elapsed time spent in this place.
 B = Non-inter-level travel time spent in this place.
 C = Inter-level travel time spent in this place.
 D = Time resting spent in this place.
 E = Time spent auto-exploring this place.
 F = Levels seen in this place.
 G = Mean time per level.
                   A        B        C        D        E       F      G
               +--------+--------+--------+--------+--------+-----+--------+
         Total |  18150 |  17585 |    565 |   2977 |   9255 |  18 | 1008.3 |
       Dungeon |  15038 |  14475 |    563 |   2058 |   8592 |  13 | 1156.8 |
        Temple |    291 |    291 |      0 |      0 |    215 |   1 |  291.0 |
          Lair |      1 |      1 |      0 |      0 |      0 |   1 |    1.0 |
         Abyss |    485 |    485 |      0 |     32 |     85 |   1 |  485.0 |
      Ice Cave |   1832 |   1832 |      0 |    887 |    320 |   1 | 1832.0 |
      Gauntlet |    500 |    500 |      0 |      0 |     43 |   1 |  500.0 |
               +--------+--------+--------+--------+--------+-----+--------+

Top non-repeatable levels by time:
     D:6: 2022 daAuts
     D:9: 1977 daAuts
   IceCv: 1832 daAuts
     D:7: 1577 daAuts
     D:5: 1534 daAuts
     D:8: 1191 daAuts
    D:11: 1168 daAuts
    D:12: 1092 daAuts
     D:1: 1043 daAuts
     D:3: 865 daAuts
     D:4: 853 daAuts
    D:10: 706 daAuts
     D:2: 561 daAuts
Gauntlet: 500 daAuts
 Abyss:3: 485 daAuts
